 Dungeon Crawl Stone Soup version 0.17.2 (webtiles) character file.

15 Goblin1989 the Insei (level 2, -1/21 HPs)
             Began as a Demonspawn Transmuter on July 5, 2016.
             Slain by an adder (4 damage)
             ... on level 1 of the Dungeon.
             The game lasted 00:01:37 (975 turns).

Goblin1989 the Insei (Demonspawn Transmuter)         Turns: 975, Time: 00:01:37

Health: -1/21      AC:  6    Str: 10    XL:     2   Next: 34%
Magic:  4/5        EV: 12    Int: 14    God:
Gold:   24         SH:  0    Dex: 12    Spells: 1 memorised, 4 levels left

rFire  . . .     SeeInvis .       - Unarmed
rCold  . . .     Clarity  .     b - +0 robe
rNeg   . . .     SustAt   .     (no shield)
rPois  .         Gourm    .     (no helmet)
rElec  .         Spirit   .     (no cloak)
rCorr  .         Warding  .     (no gloves)
rMut   .         Stasis   .     (boots currently unavailable)
MR     .....                    (no amulet)
Stlth  +.........               (no ring)
                                (no ring)

@: lethally poisoned (-1 -> -12), appendage, not resistant to hostile
enchantments, very unstealthy
A: talons 3, rough black scales 1
a: End Transformation


You were on level 1 of the Dungeon.
You were not hungry.
You had grown temporary talons.
You visited 1 branch of the dungeon, and saw 1 of its levels.

You collected 24 gold pieces.

Inventory:

Missiles
 a - 60 arrows
Armour
 b - a +0 robe (worn)
 m - a +0 ring mail
Scrolls
 e - a scroll of immolation {unknown}
 f - 2 scrolls of remove curse {unknown}
 h - a scroll of amnesia {unknown}
 i - a scroll of noise {unknown}
Potions
 g - a potion of beneficial mutation {unknown}
 j - a potion of lignification {unknown}
 k - 2 potions of ambrosia {unknown}
Books
 c - a book of Changes

   Spells                             Type                      Level
   a - Beastly Appendage              Transmutation                1
   b - Sticks to Snakes               Transmutation                2
   c - Spider Form                    Transmutation/Poison         3
   d - Ice Form                       Ice/Transmutation            4
   e - Blade Hands                    Transmutation                5
Comestibles
 d - a bread ration
 l - a chunk of flesh


   Skills:
 - Level 1.0 Fighting
 - Level 1.7 Dodging
 + Level 3.4 Unarmed Combat
 - Level 2.0 Spellcasting
 - Level 1.7 Transmutations


You had 4 spell levels left.
You knew the following spells:

 Your Spells              Type           Power        Failure   Level  Hunger
a - Beastly Appendage     Trmt           #.....       14%         1    ##.....


Dungeon Overview and Level Annotations

Branches:
Dungeon (1/15)

Altars:


Innate Abilities, Weirdness & Mutations

You are partially covered in rough black scales (AC +4, Dex -1).
You have claws for feet.


Message History

You barely miss the adder. The adder bites you.
You are poisoned.
The adder poisons you!
You take 1 damage, and have 10/21 hp.
You miss the adder. Your kick misses the adder.
You feel sick. The adder closely misses you.
You take 1 damage, and have 9/21 hp.
You hit the adder. Your kick misses the adder. The adder bites you.
You take 1 damage, and have 8/21 hp.
You miss the adder.
You feel sick. The adder barely misses you.
You take 1 damage, and have 7/21 hp.
You closely miss the adder. The adder closely misses you. The adder bites you.
* * * LOW HITPOINT WARNING * * *
You are more poisoned.
The adder poisons you!
You take 3 damage, and have 4/21 hp.
You miss the adder. Your kick misses the adder.
* * * LOW HITPOINT WARNING * * *
You feel sick. The adder bites you.
You die...

...###.##.# #.##.##..# #....#
...# #.#### #.##.##..# ######
...# #.# #.##.##..# ...# #.#
#.##..#..# ...# #.#
#######.###.#..# ...###.#
#.......# #.#..#########
#......#########.###....##.......
#..#.#.#.......#........##.######
#......+.>.>.>.S@.......##.#
#....#.#.......#........##.#
.....#.#########........##.#
#....#)#.......#.####...##.# ##
#....#.'...<...'.# ##..##.# #.
.....#.#.......#.#####..##.# #.
.......#########....##..##.# #.
...........# #..>.##..##.# #.
.#.....###.# #....+...##.# #.


You could see an adder.

Vanquished Creatures
  A ball python (D:1)
  3 bats (D:1)
  A goblin (D:1)
  3 hobgoblins (D:1)
  2 kobolds (D:1)
  A giant newt (D:1)
  A rat (D:1)
12 creatures vanquished.

Notes
Turn   | Place    | Note
--------------------------------------------------------------
     0 | D:1      | Goblin1989 the Demonspawn Transmuter began the quest for the Orb.
     0 | D:1      | Reached XP level 1. HP: 15/15 MP: 3/3
    98 | D:1      | Reached skill level 3 in Unarmed Combat
   330 | D:1      | Gained mutation: You are partially covered in rough black scales (AC +4, Dex -1). [demonic ancestry]
   330 | D:1      | Reached XP level 2. HP: 21/21 MP: 5/5
   975 | D:1      | Slain by an adder

Action                   || total
-------------------------++-------
Melee: Unarmed           ||    67
 Cast: Beastly Appendage ||     9
 Stab: Sleeping          ||     1
